 Dungeon Crawl Stone Soup version 0.30-a0-223-gcb0039aa0c (webtiles) character file.

Game seed: 9459479290940695748

1729 qw the Cleaver (level 9, -5/55 HPs)
             Began as a Gargoyle Fighter on Oct 9, 2022.
             Was a Believer of Okawaru.
             Slain by a yak (10 damage)
             ... on level 6 of the Dungeon.
             The game lasted 00:01:36 (4318 turns).

qw the Cleaver (Gargoyle Fighter)                   Turns: 4318, Time: 00:01:36

Health: -5/55      AC: 16    Str: 25    XL:     9   Next: 5%
Magic:  9/12       EV: 11    Int:  8    God:    Okawaru [**....]
Gold:   244        SH:  5    Dex:  7    Spells: 8/8 levels left

rFire   . . .      SeeInvis .    Y - +2 war axe
rCold   . . .      Faith    .    c - +0 buckler
rNeg    + . .      Spirit   .    b - +0 scale mail
rPois   inf        Reflect  .    k - +0 helmet
rElec   +          Harm     .    (no cloak)
rCorr   .          Rampage  .    (no gloves)
Will    +....                    (no boots)
Stlth   +.........               j - amulet of regeneration
HPRegen 1.09/turn                (no ring)
MPRegen 0.13/turn                (no ring)

@: heroic
A: sickness immunity, AC +6, negative energy resistance 1, electricity
resistance, torment resistance 1, petrification resistance, clumsy 1,
strong-willed 1, MP-powered wands
a: Renounce Religion, Heroism


You were on level 6 of the Dungeon.
You worshipped Okawaru.
Okawaru was pleased with you.
You visited 1 branch of the dungeon, and saw 6 of its levels.

You collected 244 gold pieces.


Innate Abilities, Weirdness & Mutations

You are immune to sickness and miasma.
Your stone body is resilient. (AC +6)
You are immune to poison.
You resist negative energy. (rN+)
You are resistant to electric shocks. (rElec)
You are resistant to unholy torment.
You are immune to petrification.
You are clumsy. (Dex -2)
You are strong-willed. (Will+)
You expend magic power (3 MP) to strengthen your wands.


   Skills:
 - Level 6.0(11.0) Fighting
 + Level 8.3(13.3) Axes
 - Level 2.2(7.2) Throwing
 - Level 3.2(8.2) Armour
 - Level 1.3(6.3) Dodging
 - Level 3.2(8.2) Shields
 - Level 4.0 Invocations


You had 8 spell levels left.
You didn't know any spells.
Your spell library was empty.

Inventory:

Hand Weapons
 a - a +0 flail
 Y - a +2 war axe (weapon)
Missiles
 l - 8 boomerangs (quivered)
Armour
 b - a +0 scale mail (worn)
 c - a +0 buckler (worn)
 k - a +0 helmet (worn)
Jewellery
 h - a ring of wizardry
 j - an amulet of regeneration (around neck)
Scrolls
 n - 2 scrolls of identify
Potions
 d - 3 potions of might
 e - 3 potions of cancellation
 f - a potion of mutation
 g - a potion of haste

Dungeon Overview and Level Annotations

Branches:
Dungeon (6/15)             Temple (0/1) D:4

Altars:
Kikubaaqudgha
Okawaru
Sif Muna
Trog
Wu Jian


Message History

The yak is moderately wounded.
The yak gores you!
4311 ||| INVOKING Heroism.
You gain the combat prowess of a mighty hero.
The yak gores you. The yak gores you!
You barely miss the yak.
The yak is moderately wounded.
You barely miss the yak. The yak misses you. You block the yak's attack.
You hit the yak.
The yak is moderately wounded.
You slash the yak! You block the yak's attack. The yak gores you!
You completely miss the yak.
The yak is moderately wounded.
You barely miss the yak. You hit the yak.
The yak is heavily wounded.
You slash the yak! The yak gores you but does no damage. The yak gores you.
You slash the yak!
The yak is severely wounded.
You slash the yak! The yak gores you. The yak barely misses you.
You hit the yak.
You kill the yak!
Okawaru is honoured by your kill.
You barely miss the yak. You block the yak's attack.
Your base Fighting skill increases to level 6!
You have reached level 9!
Your experience leads to an increase in your attributes!
Your base attributes are Str 23, Int 8, Dex 9.
Increase (S)trength, (I)ntelligence, or (D)exterity?
You feel stronger. x2
You hit the yak.
The yak is severely wounded.
You slash the yak! The yak gores you!
You die...

Y~=~._.~?~.##
Y¤.~...~)~..#
Y~.~~~~~.~..#
)~.......¤..#
Y~~~~~~~~~..#
............#
...$.....##.#########
.###YY...........#
#@#####.##.##.#
#.###(....#.#.####
#.##.....###.....#
###.##..#.#.#.#.##..
#..............>####
#.#........##.###
#.#.##..#..##.# #
#.##........#
#.##.##..####


You could see 2 yaks.

Vanquished Creatures
  4 yaks (D:6)
  A water moccasin (D:5)
  2 black bears (D:5)
  An ice beast (D:5)
  2 phantoms (D:6)
  A necrophage (D:5)
  3 killer bees (D:4)
  3 hounds
  A jelly (D:6)
  2 iguanas (D:5)
  3 orc wizards (D:5)
  Robin (D:2)
  7 adders
  4 gnolls
  A white imp (D:6)
  2 worms (D:5)
  3 dart slugs
  9 orcs
  5 bats
  3 bat zombies (D:5)
  5 endoplasms
  13 goblins
  6 hobgoblins
  3 quokkas (D:2)
  4 ball pythons
  7 frilled lizards
  3 kobolds
  2 rats
101 creatures vanquished.

Notes
Turn   | Place    | Note
-------+----------+-------------------------------------------
     0 | D:1      | qw the Gargoyle Fighter began the quest for the Orb.
     0 | D:1      | Reached XP level 1. HP: 14/14 MP: 1/1
     0 | D:1      | 0 ||| qw: Version: 0.2-a-17-g06abaee
     0 | D:1      | 0 ||| qw: Game counter: 2069
     0 | D:1      | 0 ||| qw: Always use a shield: true
     0 | D:1      | 0 ||| qw: God list: Okawaru
     0 | D:1      | 0 ||| qw: Allow faded altars: false
     0 | D:1      | 0 ||| qw: Do Orc after D:15 true
     0 | D:1      | 0 ||| qw: Do second Lair branch before Depths: true
     0 | D:1      | 0 ||| qw: Lair rune preference: random
     0 | D:1      | 0 ||| qw: Plans: Normal, Zot:1-4, God:TSO, Crypt, Tomb,
                  | Pan, Slime:5, Hells, Abyss, Orb
     0 | D:1      | 0 ||| PLANNING D:1-11
    46 | D:1      | Reached skill level 2 in Axes
    77 | D:1      | 77 ||| Stepping ~*~*~tactically~*~*~ (hiding).
    85 | D:1      | HP: 1/14 [gnoll/+0 spear (6)]
    92 | D:1      | Reached XP level 2. HP: 2/19 MP: 2/2
   556 | D:1      | Reached skill level 3 in Axes
   613 | D:1      | Reached XP level 3. HP: 23/23 MP: 3/3
   811 | D:1      | 811 ||| UPGRADING to amulet of regeneration.
   816 | D:1      | 816 ||| READING scroll labelled EQUHOT AGHUYC.
   817 | D:1      | 817 ||| READING scroll labelled CIAFEA CIXIXT.
   818 | D:1      | 818 ||| DRINKING 2 dark potions.
   993 | D:2      | Reached XP level 4. HP: 28/28 MP: 4/4
  1000 | D:2      | Noticed Robin
  1013 | D:2      | Reached skill level 4 in Axes
  1016 | D:2      | Killed Robin
  1701 | D:2      | 1701 ||| UPGRADING to +0 helmet.
  1706 | D:2      | 1706 ||| READING scroll labelled XARCHA ISKIBO.
  1707 | D:2      | 1707 ||| READING scroll labelled ISOMIGAITH.
  1708 | D:2      | 1708 ||| READING scroll labelled OKHUUNLOSED.
  1709 | D:2      | 1709 ||| READING scroll labelled VIAMIXZ SIPUAJ.
  2227 | D:3      | 2227 ||| DROPPING +0 war axe of distortion.
  2409 | D:3      | 2409 ||| READING scroll labelled ACU MIMEJY.
  2510 | D:3      | 2510 ||| READING scroll labelled FYSIOQ VAMERRA.
  2511 | D:3      | 2511 ||| READING 3 scrolls of identify.
  2511 | D:3      | 2511 ||| IDENTIFYING glowing green potion
  2512 | D:3      | 2512 ||| READING 2 scrolls of identify.
  2512 | D:3      | 2512 ||| IDENTIFYING murky golden potion
  2513 | D:3      | 2513 ||| DROPPING potion of ambrosia.
  2539 | D:4      | Found an iron altar of Okawaru.
  2540 | D:4      | 2540 ||| PLANNING OKAWARU WORSHIP
  2544 | D:4      | Became a worshipper of Warmaster Okawaru
  2545 | D:4      | 2545 ||| PLANNING D:1-11
  2620 | D:4      | Found a shimmering blue altar of Sif Muna.
  2692 | D:4      | Reached XP level 5. HP: 32/32 MP: 5/5
  2738 | D:4      | 2738 ||| READING scroll of enchant weapon.
  2738 | D:4      | 2738 ||| ENCHANTING +1 war axe.
  2829 | D:4      | 2829 ||| Stepping ~*~*~tactically~*~*~ (stealth).
  2830 | D:4      | 2830 ||| Stepping ~*~*~tactically~*~*~ (stealth).
  2832 | D:4      | 2832 ||| Stepping ~*~*~tactically~*~*~ (stealth).
  2838 | D:4      | HP: 4/32 [killer bee (6)]
  2839 | D:4      | 2839 ||| DRINKING potion of heal wounds.
  2846 | D:4      | Reached skill level 5 in Axes
  2848 | D:4      | HP: 5/32 [killer bee (6)]
  2850 | D:4      | Reached * piety under Okawaru
  2851 | D:4      | Reached XP level 6. HP: 7/38 MP: 6/6
  2851 | D:4      | 2851 ||| INVOKING Heroism.
  2854 | D:4      | Reached skill level 1 in Invocations
  2949 | D:4      | Found a bloodstained altar of Trog.
  3184 | D:4      | Found a staircase to the Ecumenical Temple.
  3225 | D:4      | 3225 ||| READING scroll labelled UNAPSI HIJE.
  3226 | D:4      | 3226 ||| READING 2 scrolls of identify.
  3226 | D:4      | 3226 ||| IDENTIFYING emerald potion
  3276 | D:5      | Entered Level 5 of the Dungeon
  3288 | D:5      | Reached skill level 1 in Dodging
  3475 | D:5      | Noticed a black bear
  3476 | D:5      | 3476 ||| INVOKING Heroism.
  3481 | D:5      | Killed a black bear
  3482 | D:5      | Reached XP level 7. HP: 41/43 MP: 5/9
  3693 | D:5      | 3693 ||| INVOKING Heroism.
  3697 | D:5      | Reached skill level 3 in Invocations
  3704 | D:5      | 3704 ||| DRINKING 2 potions of curing.
  3704 | D:5      | 3704 ||| (to cure confusion)
  3712 | D:5      | Reached skill level 6 in Axes
  3714 | D:5      | 3714 ||| DRINKING potion of curing.
  3714 | D:5      | 3714 ||| (to cure confusion)
  3749 | D:5      | 3749 ||| DROPPING +0 club.
  3778 | D:5      | 3778 ||| INVOKING Heroism.
  3857 | D:5      | Reached XP level 8. HP: 48/48 MP: 11/11
  3883 | D:5      | Found an ancient bone altar of Kikubaaqudgha.
  4018 | D:5      | Reached ** piety under Okawaru
  4019 | D:5      | Reached skill level 7 in Axes
  4095 | D:5      | 4095 ||| DRINKING 2 metallic brown potions.
  4095 | D:5      | Gained mutation: You expend magic power (3 MP) to
                  | strengthen your wands. [potion of mutation]
  4095 | D:5      | Gained mutation: You are strong-willed. (Will+) [potion of
                  | mutation]
  4095 | D:5      | Gained mutation: You are clumsy. (Dex -2) [potion of
                  | mutation]
  4096 | D:5      | 4096 ||| READING 3 scrolls of identify.
  4096 | D:5      | 4096 ||| IDENTIFYING amethyst potion
  4132 | D:6      | Found an ornate altar of the Wu Jian Council.
  4137 | D:6      | 4137 ||| INVOKING Heroism.
  4142 | D:6      | 4142 ||| Stepping ~*~*~tactically~*~*~ (hiding).
  4278 | D:6      | Noticed a yak
  4278 | D:6      | Noticed a yak
  4279 | D:6      | 4279 ||| INVOKING Heroism.
  4280 | D:6      | Noticed a yak
  4281 | D:6      | Noticed a yak
  4287 | D:6      | Noticed a yak
  4291 | D:6      | Noticed a yak
  4295 | D:6      | 4295 ||| Stepping ~*~*~tactically~*~*~ (stealth).
  4297 | D:6      | Killed a yak
  4300 | D:6      | Killed a yak
  4309 | D:6      | Killed a yak
  4310 | D:6      | Reached skill level 8 in Axes
  4311 | D:6      | 4311 ||| INVOKING Heroism.
  4313 | D:6      | HP: 8/49 [yak (13)]
  4316 | D:6      | HP: 2/49 [yak (4)]
  4317 | D:6      | Killed a yak
  4318 | D:6      | Reached skill level 6 in Fighting
  4318 | D:6      | Reached XP level 9. HP: 4/55 MP: 9/12
  4318 | D:6      | Slain by a yak

Levels and vault maps discovered:
D:1:      saegor_arrival_simple_b, layout_basic
D:2:      layout_basic, grunt_decor_arrowhead, kennysheep_small_spiral,
          uniq_robin
D:3:      layout_basic
D:4:      layout_gridville, okawaru_gym_becter, lemuel_tele_altar,
          kennysheep_little_box, minmay_temple_entry_drinking_statues,
          grunt_decor_fettered
D:5:      layout_basic, lemuel_zombie_altar_kikubaaqudgha
D:6:      layout_loops_cross, mainiacjoe_overflow_concentric_impassable

Skill      XL: |  1  2  3  4  5  6  7  8 |
---------------+-------------------------+-----
Axes           | 2 3 4 5 6 8 |  8.3
Fighting       | 4 6 |  6.0
Invocations    | 2 4 |  4.0
Dodging        | 1 |  1.3
Throwing       | 2 |  2.2
Armour         | |  3.2
Shields        | |  3.2

Action                   |  1- 3 |  4- 6 |  7- 9 || total
-------------------------+-------+-------+-------++-------
Melee: War axe           |    90 |   144 |   116 ||   350
Throw: Boomerang         |       |    17 |    20 ||    37
Invok: Heroism           |       |     2 |     5 ||     7
  Use: Scroll            |     2 |    11 |     1 ||    14
       Potion            |     1 |     1 |     3 ||     5
Armor: Scale mail        |    43 |   101 |    74 ||   218
Dodge: Dodged            |    38 |    95 |    58 ||   191
Block: Buckler           |     9 |    34 |    19 ||    62

Table legend:
 A = Non-vault XP
 B = Vault XP
 C = Vault XP percentage of total XP
 D = Non-vault monster count
 E = Vault monster count
 F = Vault count percentage of total count
                 A         B        C        D         E       F
            +---------+---------+-------+---------+---------+-------
      Total |    2425 |      45 |   1.8 |      85 |      16 |  15.8
            +---------+---------+-------+---------+---------+-------
        D:1 |      39 |       0 |   0.0 |      14 |       0 |   0.0
        D:2 |      58 |      39 |  40.2 |      21 |      13 |  38.2
        D:3 |      19 |       0 |   0.0 |       5 |       0 |   0.0
        D:4 |     268 |       0 |   0.0 |      10 |       0 |   0.0
        D:5 |     964 |       6 |   0.6 |      26 |       3 |  10.3
        D:6 |    1077 |       0 |   0.0 |       9 |       0 |   0.0
            +---------+---------+-------+---------+---------+-------
